MLB
MIAMI MARLINS @ LOS ANGELES DODGERS
04/20/2039
 
TOP OF THE 1ST
Miami Marlins batting - Pitching for Los Angeles Dodgers : RHP Danny Askey
Pitching: RHP Danny Askey
Batting: RHB Nate Hirsch 0-0: Ball
1-0: Swinging Strike
1-1: Foul Ball, location: 3SF
1-2: Ground out 6-3 (Groundball, P, EV 91.9 MPH)
Batting: LHB Geoff Donah 0-0: Ball
1-0: Ball
2-0: Fly out, F8 (Flyball, 8LXD, EV 98.8 MPH)
Batting: LHB Jamie Kingsbury 0-0: Foul Ball, location: 2F
0-1: Swinging Strike
0-2: Ground out 4-3 (Groundball, 4, EV 89.4 MPH)
Top of the 1st over - 0 runs, 0 hits, 0 errors, 0 left on base; Miami 0 - Los Angeles 0
BOTTOM OF THE 1ST
Los Angeles Dodgers batting - Pitching for Miami Marlins : LHP Rob Kerns
Pitching: LHP Rob Kerns
Batting: RHB Eddie Lang 0-0: Ball
1-0: SOLO HOME RUN (Flyball, 7D, EV 95.6 MPH), Distance : 372 ft
Batting: RHB Steven Papps 0-0: Called Strike
0-1: SINGLE (Groundball, 6, EV 76.3 MPH) (infield hit)
Batting: RHB Zach Hord 0-0: Ball
1-0: Ground out 5-3 (Groundball, 56S, EV 62.5 MPH)
Steven Papps to second
Batting: LHB Mitch Drew 0-0: Ground out 4-3 (Groundball, 4, EV 83.1 MPH)
Steven Papps to third
Batting: RHB Brady House 0-0: Ball
1-0: Ball
2-0: Foul Ball, location: 25F
2-1: Ball
3-1: Foul Ball, location: 5F
3-2: Base on Balls
Batting: RHB Drew Bowser 0-0: Ball
1-0: Foul Ball, location: 2F
1-1: Foul Ball, location: 23F
1-2: Ball
2-2: Ball
3-2: SINGLE (Flyball, 8RS, EV 98.8 MPH)
Steven Papps scores
Brady House to second
Brady House to third
Batting: LHB Juan Vasquez 0-0: Ball
1-0: Foul Ball, location: 9LSFF
1-1: Ball
2-1: Ball
3-1: Base on Balls
Drew Bowser to second
Batting: LHB Raul Alvarado 0-0: Called Strike
0-1: Swinging Strike
0-2: Strikes out swinging
Bottom of the 1st over - 2 runs, 3 hits, 0 errors, 3 left on base; Miami 0 - Los Angeles 2
TOP OF THE 2ND
Miami Marlins batting - Pitching for Los Angeles Dodgers : RHP Danny Askey
Batting: LHB Amari Chalmers 0-0: Called Strike
0-1: Foul Ball, location: 2F
0-2: Ball
1-2: Foul Ball, location: 7LMF
1-2: Strikes out looking
Batting: LHB Art Gustin 0-0: Ball
1-0: Ball
2-0: Called Strike
2-1: Ball
3-1: Swinging Strike
3-2: Fly out, F8 (Flyball, 8LD, EV 105.6 MPH)
Batting: RHB Raul Soliz 0-0: Foul Ball, location: 2RF
0-1: Ball
1-1: Ball
2-1: Swinging Strike
2-2: Strikes out swinging
Top of the 2nd over - 0 runs, 0 hits, 0 errors, 0 left on base; Miami 0 - Los Angeles 2
BOTTOM OF THE 2ND
Los Angeles Dodgers batting - Pitching for Miami Marlins : LHP Rob Kerns
Batting: RHB Victor Olvera 0-0: Ball
1-0: Ball
2-0: Bunt for hit to 15S - play at first, batter OUT! 1-3
Batting: RHB Eddie Lang 0-0: Ball
1-0: Fly out, F9 (Flyball, 9S, EV 76.3 MPH)
Batting: RHB Steven Papps 0-0: Ball
1-0: Ground out 3-1 (Groundball, 34, EV 86.3 MPH)
Bottom of the 2nd over - 0 runs, 0 hits, 0 errors, 0 left on base; Miami 0 - Los Angeles 2
TOP OF THE 3RD
Miami Marlins batting - Pitching for Los Angeles Dodgers : RHP Danny Askey
Batting: LHB Tommy Cyr 0-0: Called Strike
0-1: Ball
1-1: Foul Ball, location: 2F
1-2: Foul Ball, location: 7LMF
1-2: Ground out 4-3 (Groundball, 4, EV 76.9 MPH)
Batting: RHB Steve Ratterree 0-0: Called Strike
0-1: Foul Ball, location: 25FF
0-2: Foul Ball, location: 7LSF
0-2: SINGLE (Line Drive, 3D, EV 93.8 MPH)
Batting: RHB Joe Holiday 0-0: Called Strike
0-1: Fielders Choice at 2nd, 5-4 (Groundball, 56, EV 88.1 MPH)
Batting: RHB Nate Hirsch 0-0: Ball
1-0: SINGLE (Line Drive, 78S, EV 102.5 MPH)
Joe Holiday to second
Batting: LHB Geoff Donah 0-0: Ground out 4-3 (Groundball, 34, EV 85.6 MPH)
Top of the 3rd over - 0 runs, 2 hits, 0 errors, 2 left on base; Miami 0 - Los Angeles 2
BOTTOM OF THE 3RD
Los Angeles Dodgers batting - Pitching for Miami Marlins : LHP Rob Kerns
Batting: RHB Zach Hord 0-0: Called Strike
0-1: Swinging Strike
0-2: Foul Ball, location: 2F
0-2: Ball
1-2: Foul Ball, location: 9LDF
1-2: Strikes out swinging
Batting: LHB Mitch Drew 0-0: Ball
1-0: Fly out, F7 (Flyball, 7, EV 90.6 MPH)
Batting: RHB Brady House 0-0: Foul Ball, location: 5F
0-1: Ball
1-1: Ball
2-1: Ground out 1-3 (Groundball, 13S, EV 66.3 MPH)
Bottom of the 3rd over - 0 runs, 0 hits, 0 errors, 0 left on base; Miami 0 - Los Angeles 2
TOP OF THE 4TH
Miami Marlins batting - Pitching for Los Angeles Dodgers : RHP Danny Askey
Batting: LHB Jamie Kingsbury 0-0: Called Strike
0-1: Ball
1-1: Ball
2-1: Fly out, F7 (Flyball, 7S, EV 85.0 MPH)
Batting: LHB Amari Chalmers 0-0: Foul Ball, location: 7LSF
0-1: Called Strike
0-2: Foul Ball, location: 25F
0-2: Ball
1-2: SOLO HOME RUN (Flyball, 7LD, EV 90.0 MPH), Distance : 344 ft
Batting: LHB Art Gustin 0-0: Fly out, F3 (Line Drive, 3, EV 65.0 MPH)
Batting: RHB Raul Soliz 0-0: Called Strike
0-1: Ball
1-1: Ball
2-1: Ball
3-1: Ground out 5-3 (Groundball, 5, EV 82.5 MPH)
Top of the 4th over - 1 run, 1 hit, 0 errors, 0 left on base; Miami 1 - Los Angeles 2
BOTTOM OF THE 4TH
Los Angeles Dodgers batting - Pitching for Miami Marlins : LHP Rob Kerns
Batting: RHB Drew Bowser 0-0: Ball
1-0: Foul Ball, location: 9LMF
1-1: Swinging Strike
1-2: Strikes out swinging
Batting: LHB Juan Vasquez 0-0: Called Strike
0-1: Swinging Strike
0-2: Strikes out swinging
Batting: LHB Raul Alvarado 0-0: Fly out, F5 (Flyball, 5D, EV 83.8 MPH)
Bottom of the 4th over - 0 runs, 0 hits, 0 errors, 0 left on base; Miami 1 - Los Angeles 2
TOP OF THE 5TH
Miami Marlins batting - Pitching for Los Angeles Dodgers : RHP Danny Askey
Batting: LHB Tommy Cyr 0-0: Reached on error, E4 (Groundball, 34, EV 100.6 MPH)
Batting: RHB Steve Ratterree 0-0: Ball
1-0: Grounds into double play, 4-6-3 (Groundball, 4, EV 88.8 MPH)
Batting: RHB Joe Holiday 0-0: Ball
1-0: Ball
2-0: SINGLE (Line Drive, 89M, EV 95.0 MPH)
Batting: RHB Nate Hirsch 0-0: Reached on error, E1 (Groundball, 15S, EV 63.8 MPH)
Joe Holiday to third
Batting: LHB Geoff Donah 0-0: Ground out 5-3 (Groundball, 5S, EV 84.4 MPH)
Top of the 5th over - 0 runs, 1 hit, 2 errors, 2 left on base; Miami 1 - Los Angeles 2
BOTTOM OF THE 5TH
Los Angeles Dodgers batting - Pitching for Miami Marlins : LHP Rob Kerns
Batting: RHB Victor Olvera 0-0: Ball
1-0: Called Strike
1-1: Ball
2-1: Ground out 4-3 (Groundball, 4D, EV 96.3 MPH)
Batting: RHB Eddie Lang 0-0: Foul Ball, location: 9LMF
0-1: Called Strike
0-2: Foul Ball, location: 23F
0-2: Ball
1-2: Fly out, F7 (Flyball, 78M, EV 81.9 MPH)
Batting: RHB Steven Papps 0-0: Ball
1-0: Ball
2-0: Fly out, F8 (Flyball, 8RD, EV 98.1 MPH)
Bottom of the 5th over - 0 runs, 0 hits, 0 errors, 0 left on base; Miami 1 - Los Angeles 2
TOP OF THE 6TH
Miami Marlins batting - Pitching for Los Angeles Dodgers : RHP Danny Askey
Batting: LHB Jamie Kingsbury 0-0: Ball
1-0: Ball
2-0: Swinging Strike
2-1: Swinging Strike
2-2: Strikes out swinging
Batting: LHB Amari Chalmers 0-0: Foul Ball, location: 2F
0-1: Swinging Strike
0-2: Strikes out looking
Batting: LHB Art Gustin 0-0: Ball
1-0: Swinging Strike
1-1: Foul Ball, location: 5FF
1-2: Foul Ball, location: 2F
1-2: Ball
2-2: Ball
3-2: SINGLE (Line Drive, 7LS, EV 107.5 MPH)
Pitching: RHP Robby Candler
Batting: RHB Raul Soliz 0-0: Ball
1-0: Foul Ball, location: 9LSF
1-1: Ball
2-1: Foul Ball, location: 3SF
2-2: Ball
3-2: Base on Balls
Art Gustin to second
Batting: LHB Tommy Cyr 0-0: Ball
1-0: Foul Ball, location: 2F
1-1: Ball
2-1: Ball
3-1: Called Strike
3-2: Strikes out swinging
Top of the 6th over - 0 runs, 1 hit, 0 errors, 2 left on base; Miami 1 - Los Angeles 2
BOTTOM OF THE 6TH
Los Angeles Dodgers batting - Pitching for Miami Marlins : LHP Rob Kerns
Batting: RHB Zach Hord 0-0: Called Strike
0-1: SOLO HOME RUN (Flyball, 78XD, EV 96.9 MPH), Distance : 398 ft
Batting: LHB Mitch Drew 0-0: Swinging Strike
0-1: Foul Ball, location: 2F
0-2: Ball
1-2: Ball
2-2: Fly out, F9 (Flyball, 9D, EV 101.3 MPH)
Batting: RHB Brady House 0-0: Fly out, F7 (Line Drive, 78M, EV 95.0 MPH)
Batting: RHB Drew Bowser 0-0: Ball
1-0: Ball
2-0: Foul Ball, location: 2LF
2-1: Fly out, F2 (Popup, 13S, EV 83.1 MPH)
Bottom of the 6th over - 1 run, 1 hit, 0 errors, 0 left on base; Miami 1 - Los Angeles 3
TOP OF THE 7TH
Miami Marlins batting - Pitching for Los Angeles Dodgers : RHP Robby Candler
Batting: RHB Steve Ratterree 0-0: Called Strike
0-1: Ball
1-1: Foul Ball, location: 5FF
1-2: Strikes out swinging
Batting: RHB Joe Holiday 0-0: Ball
1-0: Ground out 4-3 (Groundball, 13, EV 86.9 MPH)
Batting: RHB Nate Hirsch 0-0: Called Strike
0-1: Ball
1-1: Ball
2-1: Swinging Strike
2-2: Strikes out swinging
Top of the 7th over - 0 runs, 0 hits, 0 errors, 0 left on base; Miami 1 - Los Angeles 3
BOTTOM OF THE 7TH
Los Angeles Dodgers batting - Pitching for Miami Marlins : LHP Rob Kerns
Batting: LHB Juan Vasquez 0-0: Ground out 4-3 (Groundball, 4, EV 83.1 MPH)
Batting: LHB Raul Alvarado 0-0: Ball
1-0: Ball
2-0: SINGLE (Groundball, 6MD, EV 106.3 MPH)
Batting: RHB Victor Olvera 0-0: Ground out 4-3 (Groundball, 34, EV 106.9 MPH)
Raul Alvarado to second
Batting: RHB Eddie Lang 0-0: Ball
1-0: Ball
2-0: Foul Ball, location: 5F
2-1: DOUBLE (Flyball, 78D, EV 82.5 MPH)
Raul Alvarado scores
Batting: RHB Steven Papps 0-0: Swinging Strike
0-1: Ball
1-1: Called Strike
1-2: Ball
2-2: Foul Ball, location: 9LMF
2-2: SINGLE (Line Drive, 7S, EV 101.3 MPH)
Eddie Lang to third
Runner from 3rd tries for Home, SAFE, throw by LF to home
Steven Papps to second
Pitching: RHP Chris Hyatt
Batting: RHB Zach Hord 0-0: Ball
1-0: SINGLE (Flyball, 34D, EV 90.0 MPH)
Steven Papps to third
Runner from 3rd tries for Home, SAFE, throw by RF to home
Batting: LHB Mitch Drew 0-0: Ball
1-0: Called Strike
1-1: Called Strike
1-2: Foul Ball, location: 2F
1-2: Strikes out swinging
Bottom of the 7th over - 3 runs, 4 hits, 0 errors, 1 left on base; Miami 1 - Los Angeles 6
TOP OF THE 8TH
Miami Marlins batting - Pitching for Los Angeles Dodgers : RHP Robby Candler
Pitching: RHP Ben Baker
Batting: LHB Geoff Donah 0-0: Called Strike
0-1: Ball
1-1: Ball
2-1: Foul Ball, location: 9LDF
2-2: Foul Ball, location: 2F
2-2: Ball
3-2: Ground out U3 (Groundball, 34, EV 102.5 MPH)
Batting: LHB Jamie Kingsbury 0-0: Called Strike
0-1: Ball
1-1: SINGLE (Groundball, 4MD, EV 94.4 MPH)
Batting: LHB Amari Chalmers 0-0: Called Strike
0-1: Foul Ball, location: 2F
0-2: Ball
1-2: Strikes out swinging
Batting: LHB Art Gustin 0-0: Called Strike
0-1: Called Strike
0-2: Strikes out looking
Top of the 8th over - 0 runs, 1 hit, 0 errors, 1 left on base; Miami 1 - Los Angeles 6
BOTTOM OF THE 8TH
Los Angeles Dodgers batting - Pitching for Miami Marlins : RHP Chris Hyatt
Batting: RHB Brady House 0-0: Ball
1-0: Ball
2-0: Ground out 6-3 (Groundball, 6, EV 77.5 MPH)
Batting: RHB Drew Bowser 0-0: Ball
1-0: Ball
2-0: Called Strike
2-1: Called Strike
2-2: Ball
3-2: Base on Balls
Batting: LHB Juan Vasquez 0-0: Foul Ball, location: 7LDF
0-1: Called Strike
Drew Bowser steals 2nd base
0-2: Ball
1-2: Ball
2-2: Foul Ball, location: 23F
2-2: Ball
3-2: Base on Balls
Batting: LHB Raul Alvarado 0-0: Ball
1-0: Called Strike
1-1: Foul Ball, location: 25F
1-2: Ball
2-2: Foul Ball, location: 7LSF
2-2: Ball
3-2: Foul Ball, location: 2F
3-2: SINGLE (Line Drive, 7LS, EV 88.8 MPH)
Drew Bowser to third
Juan Vasquez to second
Batting: RHB Victor Olvera 0-0: Ball
1-0: Fly out, F7 (Flyball, 7S, EV 80.6 MPH)
Batting: RHB Eddie Lang 0-0: Fly out, F9 (Line Drive, 9S, EV 98.8 MPH)
Bottom of the 8th over - 0 runs, 1 hit, 0 errors, 3 left on base; Miami 1 - Los Angeles 6
TOP OF THE 9TH
Miami Marlins batting - Pitching for Los Angeles Dodgers : RHP Ben Baker
Batting: RHB Raul Soliz 0-0: Foul Ball, location: 2F
0-1: Ball
1-1: Swinging Strike
1-2: Foul Ball, location: 7LMF
1-2: Foul Ball, location: 23F
1-2: Ball
2-2: Fly out, F8 (Flyball, 89D, EV 106.9 MPH)
Batting: LHB Tommy Cyr 0-0: Ball
1-0: Foul Ball, location: 5FF
1-1: Fly out, F8 (Flyball, 8LM, EV 93.1 MPH)
Batting: RHB Steve Ratterree 0-0: Ball
1-0: Called Strike
1-1: Foul Ball, location: 9LDF
1-2: Ball
2-2: Ground out 6-3 (Groundball, 6, EV 80.6 MPH)
Top of the 9th over - 0 runs, 0 hits, 0 errors, 0 left on base; Miami 1 - Los Angeles 6
Friday, March 29th , 2024 - OOTP Baseball 24.11 Build 85